 Dungeon Crawl Stone Soup version 0.26.0-18-gc5c842f807 (webtiles) character file.

Game seed: 17992326046037018813

319 GordonOverkill the Sneak (level 6, -4/32 HPs)
             Began as a Kobold Fire Elementalist on Jan 23, 2021.
             Killed by nerve-wracking pain
             ... invoked by an orc priest
              (11 damage)
             ... on level 3 of the Dungeon.
             The game lasted 00:10:52 (4428 turns).

GordonOverkill the Sneak (Kobold Fire Elementalist) Turns: 4428, Time: 00:10:53

Health: -4/32      AC:  3    Str:  6    XL:     6   Next: 75%
Magic:  11/11      EV: 15    Int: 18    God:
Gold:   226        SH:  0    Dex: 15    Spells: 7/12 levels left

rFire    . . .     SeeInvis .   b - +1 dagger
rCold    . . .     Faith    .   (shield restricted)
rNeg     . . .     Spirit   .   a - +0 robe
rPois    .         Reflect  .   (no helmet)
rElec    .         Harm     .   (no cloak)
rCorr    .         Rampage  .   i - +0 pair of gloves
Will     .....                  (no boots)
Stlth    ++++......             (no amulet)
HPRegen  0.10/turn              (no ring)
MPRegen  0.12/turn              (no ring)

@: mighty, brilliant
A: small, nightstalker 3
a: no special abilities


You were on level 3 of the Dungeon.
You visited 1 branch of the dungeon, and saw 3 of its levels.

You collected 226 gold pieces.

Inventory:

Hand Weapons
 b - a +1 dagger (weapon)
Missiles
 c - 8 boomerangs
 r - 8 curare-tipped darts (quivered)
Armour
 a - a +0 robe (worn)
 i - a +0 pair of gloves (worn)
Jewellery
 p - an uncursed amulet of reflection
 u - an uncursed ring of flight
Scrolls
 d - a scroll of noise {unknown}
 e - a scroll of enchant weapon
 f - a scroll of enchant armour {unknown}
 g - a scroll of fog
 h - 2 scrolls of remove curse {unknown}
 j - 3 scrolls of teleportation {unknown}
 l - 3 scrolls of identify {unknown}
 o - a scroll of random uselessness {unknown}
 t - a scroll of fear {unknown}
Potions
 m - a potion of might
 s - a potion of heal wounds {unknown}


   Skills:
 - Level 2.4 Dodging
 - Level 5.0 Stealth
 + Level 3.8 Spellcasting
 + Level 3.2 Conjurations
 + Level 4.4 Fire Magic


You had 7 spell levels left.
You knew the following spells:

 Your Spells              Type           Power        Failure   Level
a - Foxfire               Conj/Fire      100%         3%          1
b - Sticky Flame          Conj/Fire      25%          30%         4

Your spell library contained the following spells:

 Spells                   Type           Power        Failure   Level
 Conjure Flame            Conj/Fire      25%          10%         3
 Inner Flame              Hex/Fire       17%          19%         3
 Fireball                 Conj/Fire      12%          65%         5


Dungeon Overview and Level Annotations

Branches:
Dungeon (3/15)

Altars:

Annotations:
D:3 1 runed translucent door


Innate Abilities, Weirdness & Mutations

You are small and have problems with some larger weapons.
You are completely attuned to the shadows.


Message History

The orc hits you with a +0 dagger.
* * * LOW HITPOINT WARNING * * *
You puncture the orc priest!
You kill the orc priest!
The foxfire hits the orc priest.
The orc priest is moderately wounded.
The foxfire hits the orc.
The orc is almost dead.
The orc priest hits you with a +3 dagger.
* * * LOW HITPOINT WARNING * * *
The orc hits you with a +0 dagger.
* * * LOW HITPOINT WARNING * * *
Okay, then.
It was a potion of brilliance.
You feel clever all of a sudden. The orc priest closely misses you.
The orc closely misses you.
It was a potion of magic.
Magic courses through your body.
The orc priest invokes the aid of Beogh against you.
Pain shoots through your body!
You die...

####....≈≈≈≈
.?.#...≈≈≈≈≈
.o...(..≈≈≈≈≈
.......≈≈≈≈≈##
........≈≈≈≈≈## ###
.......§§§§§≈≈# ...
##.....§o§§§≈≈≈ ###
...#...§§@§§≈≈≈ #
####...§##o### ######
.. #....###§####..[..
### #..o.###)).##...##
## #....o............
..####...######.....###
.
...#....#######..#....
# #............#.#####.
##.#...#####..##


You could see an orc priest and an orc.

Vanquished Creatures
  A phantom (D:3)
  An orc priest (D:3)
  Terence (D:3)
  3 adders
  4 gnolls (D:3)
  3 worms
  4 dart slugs
  6 leopard geckos
  9 orcs (D:3)
  2 ball pythons
  5 bats
  3 giant cockroaches
  11 goblins
  7 hobgoblins
  2 jackals (D:1)
  A quokka (D:3)
  3 frilled lizards
  11 kobolds
  6 rats
83 creatures vanquished.

Vanquished Creatures (others)
  287 foxfires
287 creatures vanquished.

Grand Total: 370 creatures vanquished

Notes
Turn   | Place    | Note
-------+----------+-------------------------------------------
     0 | D:1      | GordonOverkill the Kobold Fire Elementalist began the quest
                  | for the Orb.
     0 | D:1      | Reached XP level 1. HP: 10/10 MP: 3/3
   108 | D:1      | Reached skill level 3 in Stealth
   170 | D:1      | Reached XP level 2. HP: 15/15 MP: 0/5
   262 | D:1      | Reached skill level 4 in Stealth
   693 | D:1      | Reached XP level 3. HP: 19/19 MP: 2/6
  1967 | D:2      | Reached XP level 4. HP: 24/24 MP: 4/7
  2151 | D:2      | Reached skill level 5 in Stealth
  2958 | D:3      | Reached XP level 5. HP: 28/28 MP: 7/9
  3457 | D:3      | Noticed a phantom
  3496 | D:3      | Killed a phantom
  3497 | D:3      | Reached XP level 6. HP: 28/32 MP: 0/11
  3761 | D:3      | Found a runed translucent door.
  3767 | D:3      | Noticed an angel
  3958 | D:3      | Noticed Terence
  3965 | D:3      | Learned a level 4 spell: Sticky Flame
  3971 | D:3      | Killed Terence
  4428 | D:3      | Killed from afar by an orc priest

Illustrated notes

Levels and vault maps discovered:
D:1:      dpeg_arrival_pits, layout_basic, minmay_misc_feat_enclosed,
          minmay_heptomino_w4
D:2:      layout_rooms, chequers_serial_rivers_micro_b
D:3:      layout_rooms, chequers_serial_rivers_large_a, nrook_mini_vaults,
          lemuel_angel_altar, uniq_terence

Skill      XL: |  1  2  3  4  5  6 |
---------------+-------------------+-----
Stealth        | 3 4 5 |  5.0
Conjurations   | 2 3 |  3.2
Spellcasting   | 3 |  3.8
Fire Magic     | 4 |  4.4
Dodging        | |  2.4

Action                   |  1- 3 |  4- 6 || total
-------------------------+-------+-------++-------
Melee: Dagger            |    34 |    39 ||    73
Throw: Dart              |       |     5 ||     5
 Cast: Foxfire           |    63 |   101 ||   164
       Sticky Flame      |       |     4 ||     4
  Use: Potion            |       |     5 ||     5
       Scroll            |       |     2 ||     2
 Stab: Sleeping          |     2 |     3 ||     5
Armor: Robe              |     4 |     3 ||     7
Dodge: Dodged            |    37 |    41 ||    78
